 Dungeon Crawl Stone Soup version 0.31-a0-188-g5e087ee2ca (webtiles) character file.

Game seed: 4089389891386480197

74 qw the Shooter (level 4, 0/25 HPs)
             Began as a Deep Elf Hunter on June 23, 2023.
             Slain by a hobgoblin (2 damage)
             ... led by Robin
             ... on level 3 of the Dungeon.
             The game lasted 00:00:35 (1535 turns).

qw the Shooter (Deep Elf Hunter)                    Turns: 1535, Time: 00:00:35

Health: 0/25       AC:  7    Str: 10    XL:     4   Next: 9%
Magic:  6/6        EV:  6    Int: 14    God:
Gold:   36         SH:  0    Dex: 18    Spells: 3/3 levels left

rFire   + . .        Y - +0 shortbow
rCold   . . .        (shield currently unavailable)
rNeg    . . .        b - +0 scale mail
rPois   .            (helmet restricted)
rElec   .            (no cloak)
rCorr   .            (no gloves)
SInv    .            (no boots)
Will    .....        (no amulet)
Stlth   +            (no ring)
HPRegen 0.24/turn    (no ring)
MPRegen 0.10/turn

%: no passive effects
@: constricted
A: antennae 1, fire resistance 1, shaggy fur 1
a: no special abilities


You were on level 3 of the Dungeon.
You visited 1 branch of the dungeon, and saw 3 of its levels.

You collected 36 gold pieces.


Innate Abilities, Weirdness & Mutations

You have a pair of small antennae on your head.
Your flesh is heat resistant. (rF+)
You are covered in fur. (AC +1)


   Skills:
 - Level 1.5 Fighting
 + Level 7.5 Ranged Weapons
 - Level 2.4 Dodging
 - Level 1.2 Stealth


You had 3 spell levels left.
You didn't know any spells.
Your spell library was empty.

Inventory:

Hand Weapons
 Y - a +0 shortbow (weapon)
Armour
 b - a +0 scale mail (worn)
Jewellery
 a - a ring of see invisible
Scrolls
 c - a scroll of blinking {unknown}
 h - 2 scrolls of identify
Potions
 e - 2 potions of heal wounds

Dungeon Overview and Level Annotations

Branches:
Dungeon (3/15)

Altars:

Annotations:
D:3 Robin


Message History

A goblin comes into view. It is wielding a +0 dagger.
A ball python comes into view.
The goblin closely misses you.
A hobgoblin comes into view.
The goblin barely misses you.
You shoot an arrow. The hobgoblin shouts!
The ball python hisses angrily.
The arrow hits the hobgoblin.
You kill the hobgoblin!
The goblin hits you but does no damage. The goblin closely misses you.
A goblin comes into view. It is wielding a +0 club.
Robin roars a battlecry!
The goblins go into a battle-frenzy!
You shoot an arrow. The arrow hits the goblin.
You kill the goblin!
The goblin closely misses you. The hobgoblin barely misses you.
You shoot an arrow. The arrow barely misses the hobgoblin.
The hobgoblin barely misses you. The hobgoblin hits you.
The goblin hits you with a +2 dagger of protection.
The goblin barely misses you. The hobgoblin hits you.
The goblin barely misses you. The hobgoblin completely misses you.
The goblin hits you with a +2 dagger of protection.
A goblin comes into view. It is wielding a +0 dagger.
Robin throws the goblin at you!
You shoot an arrow. The goblin shouts!
The arrow hits the goblin.
The goblin is moderately wounded.
The hobgoblin misses you.
Robin roars a battlecry!
The hobgoblin goes into a battle-frenzy!
The hobgoblin hits you.
The goblin hits you with a +2 dagger of protection.
The goblin barely misses you. The goblin hits you but does no damage.
You shoot an arrow. The arrow hits the goblin.
You kill the goblin!
The ball python bites you. The ball python grabs you.
The ball python constricts you. The hobgoblin hits you.
The goblin barely misses you. The hobgoblin hits you.
You die...

#............##
#.............#
#..............#
####............
#####.........#.
#............#..
#............#..
#......g.)......
#......g@S......
#.....#ggg......
#.....#gg.......
#.......g.......
###.............
#....g........
#.............
#.............


You could see Robin, 3 hobgoblins, 5 goblins and a ball python.

Vanquished Creatures
  3 adders (D:2)
  6 endoplasms
  2 giant cockroaches (D:1)
  4 goblins
  6 hobgoblins
  6 jackals (D:1)
  3 quokkas
  A ball python (D:1)
  4 bats
  3 frilled lizards
  3 kobolds
  4 rats
45 creatures vanquished.

Notes
Turn   | Place    | Note
-------+----------+-------------------------------------------
     0 | D:1      | qw the Deep Elf Hunter began the quest for the Orb.
     0 | D:1      | Reached XP level 1. HP: 12/12 MP: 3/3
     0 | D:1      | 0 ||| qw: Version: 0.3-a-9-g12657ce
     0 | D:1      | 0 ||| qw: Game counter: 3535
     0 | D:1      | 0 ||| qw: Always use a shield: true
     0 | D:1      | 0 ||| qw: God list: Okawaru
     0 | D:1      | 0 ||| qw: Allow faded altars: false
     0 | D:1      | 0 ||| qw: Do Orc after D:15 true
     0 | D:1      | 0 ||| qw: Do second Lair branch before Depths: true
     0 | D:1      | 0 ||| qw: Lair rune preference: random
     0 | D:1      | 0 ||| qw: Plans: Normal
     0 | D:1      | 0 ||| PLANNING D:1-11
    80 | D:1      | Reached skill level 6 in Ranged Weapons
    80 | D:1      | Reached XP level 2. HP: 16/16 MP: 4/4
   382 | D:1      | You fall into a shaft and drop 1 floor!
   451 | D:2      | Found a faded altar of an unknown god.
   474 | D:2      | 474 ||| READING scroll labelled UNABLIRUON.
   475 | D:2      | 475 ||| READING scroll labelled FUSHAXK JIOXT.
   476 | D:2      | 476 ||| READING 4 scrolls labelled LOJEISENIG.
   504 | D:2      | 504 ||| DROPPING scroll of butterflies.
   505 | D:2      | 505 ||| DROPPING 3 scrolls of torment.
   600 | D:1      | Reached XP level 3. HP: 20/20 MP: 5/5
   671 | D:1      | 671 ||| READING scroll labelled ISKESE KOZXAOL.
   744 | D:2      | Reached skill level 7 in Ranged Weapons
   847 | D:2      | 847 ||| Stepping ~*~*~tactically~*~*~ (water).
  1139 | D:2      | Reached XP level 4. HP: 21/25 MP: 6/6
  1460 | D:2      | 1460 ||| UPGRADING to +0 scale mail.
  1470 | D:2      | 1470 ||| DROPPING +0 leather armour.
  1471 | D:2      | 1471 ||| READING scroll labelled LIFUPS KEETI.
  1475 | D:2      | 1475 ||| READING scroll labelled VALUNGU FAMIX.
  1476 | D:2      | 1476 ||| DRINKING 2 puce potions.
  1477 | D:2      | 1477 ||| DRINKING 2 brown potions.
  1477 | D:2      | Gained mutation: You are frail. (-10% HP) [potion of
                  | mutation]
  1477 | D:2      | Gained mutation: You are partially covered in iridescent
                  | scales. (AC +2) [potion of mutation]
  1477 | D:2      | Gained mutation: You are mostly covered in iridescent
                  | scales. (AC +4) [potion of mutation]
  1478 | D:2      | 1478 ||| DRINKING potion of mutation.
  1478 | D:2      | Lost mutation: You are frail. (-10% HP) [potion of
                  | mutation]
  1478 | D:2      | Lost mutation: You are mostly covered in iridescent scales.
                  | (AC +4) [potion of mutation]
  1478 | D:2      | Lost mutation: You are partially covered in iridescent
                  | scales. (AC +2) [potion of mutation]
  1478 | D:2      | Gained mutation: Your flesh is heat resistant. (rF+)
                  | [potion of mutation]
  1478 | D:2      | Gained mutation: You are covered in fur. (AC +1) [potion of
                  | mutation]
  1478 | D:2      | Gained mutation: You have a pair of small antennae on your
                  | head. [potion of mutation]
  1489 | D:2      | 1489 ||| READING 3 scrolls of identify.
  1489 | D:2      | 1489 ||| IDENTIFYING lumpy puce potion
  1490 | D:2      | 1490 ||| DROPPING potion of attraction.
  1528 | D:3      | Noticed Robin
  1535 | D:3      | HP: 2/25 [hobgoblin[Robin] (5)]
  1535 | D:3      | Slain by a hobgoblin

Levels and vault maps discovered:
D:1:      dpeg_arrival_windows_large_door, layout_rooms, st_stairs_11,
          nicolae_figureground_pulse
D:2:      layout_basic, hellmonk_ecumenical_altar_heavens_door,
          chequers_serial_rivers_marsh
D:3:      corexii_shack_village, layout_basic, lemuel_round_altar, serial_shops,
          shop, uniq_robin

Skill      XL: |  1  2  3 |
---------------+----------+-----
Ranged Weapons | 6 7 |  7.5
Fighting       | |  1.5
Dodging        | |  2.4
Stealth        | |  1.2

Action                     |  1- 3 |  4- 6 || total
---------------------------+-------+-------++-------
   Fire: Shortbow          |   115 |    10 ||   125
    Use: Scroll            |     4 |     3 ||     7
         Potion            |       |     3 ||     3
 Armour: Leather armour    |     9 |       ||     9
         Scale mail        |       |     2 ||     2
  Dodge: Dodged            |    39 |    13 ||    52

Table legend:
 A = Non-vault XP
 B = Vault XP
 C = Vault XP percentage of total XP
 D = Non-vault monster count
 E = Vault monster count
 F = Vault count percentage of total count
                 A         B        C        D         E       F
            +---------+---------+-------+---------+---------+-------
      Total |      97 |      11 |  10.2 |      39 |       6 |  13.3
            +---------+---------+-------+---------+---------+-------
        D:1 |      36 |       5 |  12.2 |      20 |       3 |  13.0
        D:2 |      61 |       0 |   0.0 |      19 |       0 |   0.0
        D:3 |       0 |       6 | 100.0 |       0 |       3 | 100.0
            +---------+---------+-------+---------+---------+-------
